 Dungeon Crawl Stone Soup version 0.22.1-2-g9c5b331383 (webtiles) character file.

436 Ihlosi the Chiller (level 7, -5/40 HPs)
             Began as a Kobold Ice Elementalist on Jan 5, 2019.
             Shot with an arrow by a centaur (9 damage)
             ... on level 5 of the Dungeon.
             The game lasted 00:10:20 (4053 turns).

Ihlosi the Chiller (Kobold Ice Elementalist)        Turns: 4053, Time: 00:10:20

Health: -5/40      AC:  3    Str:  6    XL:     7   Next: 21%
Magic:  13/13      EV: 16    Int: 18    God:
Gold:   259        SH:  0    Dex: 15    Spells: 5/14 levels left

rFire    . . .     SeeInvis .   a - +3 short sword (drain)
rCold    . . .     Gourm    .   (shield restricted)
rNeg     . . .     Faith    .   k - +1 robe
rPois    .         Spirit   .   (no helmet)
rElec    .         Reflect  .   (no cloak)
rCorr    .         Harm     .   (no gloves)
MR       .....                  (no boots)
Stlth    +++.......             (no amulet)
HPRegen  0.13/turn              (no ring)
MPRegen  0.13/turn              (no ring)

@: very slightly contaminated, invisible
A: small, carnivore
a: no special abilities


You were on level 5 of the Dungeon.
You were full.

You visited 1 branch of the dungeon, and saw 5 of its levels.

You collected 259 gold pieces.

Inventory:

Hand Weapons
 a - a +3 short sword of draining (weapon)
Missiles
 e - 34 poisoned needles
Armour
 k - a +1 robe (worn)
Wands
 g - a wand of paralysis (10)
Scrolls
 d - a scroll of blinking {unknown}
 h - a scroll of magic mapping
Potions
 f - a potion of lignification {unknown}
 i - a potion of magic
 j - 2 potions of degeneration {unknown}
 l - 2 potions of mutation {unknown}
 m - a potion of heal wounds {unknown}
 n - a potion of agility {unknown}
 o - a potion of curing {unknown}
Comestibles
 c - 4 rations


   Skills:
 * Level 2.0 Fighting
 * Level 1.6 Short Blades
 * Level 3.4 Dodging
 * Level 3.9 Stealth
 * Level 4.2 Spellcasting
 * Level 2.0 Conjurations
 * Level 4.8 Ice Magic
 * Level 0.9 Evocations


You had 5 spell levels left.
You knew the following spells:

 Your Spells              Type           Power        Failure   Level  Hunger
a - Freeze                Ice            ###.         1%          1    None
b - Throw Icicle          Conj/Ice       ###.....     34%         4    ####...
c - Summon Ice Beast      Ice/Summ       ##......     47%         4    ####...

Your spell library contained the following spells:

 Spells                   Type           Power        Failure   Level  Hunger
 Throw Frost              Conj/Ice       ###...       5%          2    ##.....
 Animate Skeleton         Necr           N/A          14%         1    None
 Apportation              Tloc           #.....       14%         1    None
 Confusing Touch          Hex            #.....       14%         1    None
 Summon Small Mammal      Summ           #...         14%         1    None
 Ozocubu's Armour         Chrm/Ice       ##......     16%         3    ###....


Dungeon Overview and Level Annotations

Branches:
Dungeon (5/15)
 Temple: D:4-7

Altars:
Cheibriados
Gozag
Wu Jian

Shops:
D:4 (*(


Innate Abilities, Weirdness & Mutations

You are small and have problems with some larger weapons.
You are carnivorous and can eat meat at any time.


Message History

The howler monkey is severely wounded.
The howler monkey hoots and howls with incredible vigour!
You hear a bark!
You hit the howler monkey. You drain the howler monkey!
You kill the howler monkey!
Your Fighting skill increases to level 2!
A centaur comes into view.
The centaur wields a shortbow.
The centaur shoots an arrow.
The arrow misses you.
The centaur shoots an arrow.
The arrow hits you!
The centaur shoots an arrow.
The arrow hits you!
The centaur shoots an arrow.
The arrow completely misses you.
You see here an arrow.
The centaur shoots an arrow.
The arrow hits you!
* * * LOW HITPOINT WARNING * * *
You fade into invisibility!
The centaur shoots an arrow.
The arrow completely misses you.
You are very lightly contaminated with residual magic.
The centaur shoots an arrow.
The arrow hits you!
You die...

#...## ##.......###
..... ....#
#.......### .....
#....
###.........####.....
##...
##.................##.
..................##
...........(.....#
................##
###...(.....=.#
##@.........#
#c..........#
......#####...#
.......## #....
####.$.## #... #...#
#..## #..


You could see a centaur.

Vanquished Creatures
  A bullfrog (D:5)
  2 howler monkeys
  An orc priest (D:5)
  A hound (D:5)
  Terence (D:2)
  Jessica (D:2)
  3 adders (D:2)
  5 gnolls
  2 oozes
  3 worms
  A dart slug (D:1)
  2 leopard geckos (D:1)
  8 orcs
  2 bats
  9 giant cockroaches
  7 goblins
  7 hobgoblins
  9 jackals
  6 kobolds
  2 quokkas
  6 frilled lizards
  10 rats
89 creatures vanquished.

Notes
Turn   | Place    | Note
-------+----------+-------------------------------------------
     0 | D:1      | Ihlosi the Kobold Ice Elementalist began the quest for the
                  | Orb.
     0 | D:1      | Reached XP level 1. HP: 10/10 MP: 3/3
   313 | D:1      | Reached XP level 2. HP: 14/15 MP: 1/5
   637 | D:1      | Reached XP level 3. HP: 16/20 MP: 0/6
  1290 | D:2      | Noticed Terence
  1297 | D:1      | Reached XP level 4. HP: 14/24 MP: 3/8
  1303 | D:1      | Learned a level 4 spell: Throw Icicle
  1473 | D:2      | Noticed Jessica
  1478 | D:2      | Killed Jessica
  1498 | D:2      | Reached skill level 1 in Fighting
  1808 | D:2      | Reached XP level 5. HP: 29/29 MP: 6/9
  1894 | D:2      | Killed Terence
  2058 | D:2      | Found a snail-covered altar of Cheibriados.
  2214 | D:2      | Found an opulent altar of Gozag.
  2306 | D:2      | Reached XP level 6. HP: 34/34 MP: 11/11
  3321 | D:4      | Found Paddyfod's Antique Weapon Boutique.
  3383 | D:4      | Found Kaesosch's Weapon Shop.
  3394 | D:4      | Found Vaha's Assorted Antiques.
  3412 | D:4      | Learned a level 4 spell: Summon Ice Beast
  3727 | D:5      | Entered Level 5 of the Dungeon
  3767 | D:5      | Found an ornate altar of the Wu Jian Council.
  3789 | D:5      | Reached skill level 1 in Short Blades
  3805 | D:5      | Reached XP level 7. HP: 13/39 MP: 8/13
  4053 | D:5      | Shot with an arrow by a centaur

Skill      XL: |  1  2  3  4  5  6  7 |
---------------+----------------------+-----
Stealth        | 3 |  3.9
Spellcasting   | 3 4 |  4.2
Fighting       | 1 2 |  2.0
Ice Magic      | 4 |  4.8
Dodging        | 3 |  3.4
Short Blades   | 1 |  1.6
Conjurations   | 2 |  2.0
Evocations     | |  0.9

Action                   |  1- 3 |  4- 6 |  7- 9 || total
-------------------------+-------+-------+-------++-------
Melee: Unarmed           |    37 |     4 |       ||    41
       Short sword       |       |    39 |     4 ||    43
       Dagger            |       |     4 |       ||     4
 Cast: Freeze            |    46 |    79 |     9 ||   134
  Use: Scroll            |       |     6 |       ||     6
       Potion            |       |       |     1 ||     1
 Stab: Sleeping          |     1 |     7 |       ||     8
  Eat: Chunk             |    10 |     4 |       ||    14
Armor: Robe              |    14 |     8 |     1 ||    23
Dodge: Dodged            |    48 |   105 |     9 ||   162
